 Dungeon Crawl Stone Soup version 0.29-a0-323-g050149af67 (webtiles) character file.

Game seed: 17089646827245976430

11 Jortsu the Skirmisher (level 2, 24/24 HPs)
             Began as a Demonspawn Fighter on Apr 12, 2022.
             Was a Follower of Fedhas.
             Quit the game on level 1 of the Dungeon.
             The game lasted 00:01:30 (482 turns).

Jortsu the Skirmisher (Demonspawn Fighter)           Turns: 482, Time: 00:01:30

Health: 24/24      AC:  7    Str: 16    XL:     2   Next: 13%
Magic:  2/2        EV:  8    Int:  9    God:    Fedhas [*.....]
Gold:   36         SH:  4    Dex: 12    Spells: 1/1 levels left

rFire   . . .      SeeInvis .   a - +0 war axe
rCold   . . .      Faith    .   c - +0 buckler
rNeg    . . .      Spirit   .   b - +0 scale mail
rPois   .          Reflect  .   (no helmet)
rElec   .          Harm     .   (no cloak)
rCorr   .          Rampage  .   (no gloves)
Will    .....                   i - +0 pair of boots
Stlth   ..........              (no amulet)
HPRegen 0.08/turn               (no ring)
MPRegen 0.08/turn               (no ring)

@: no status effects
A: demonic touch 1
a: Renounce Religion


You were on level 1 of the Dungeon.
You worshipped Fedhas.
Fedhas was aware of your devotion.
You visited 1 branch of the dungeon, and saw 1 of its levels.

You collected 36 gold pieces.

Inventory:

Hand Weapons
 a - a +0 war axe (weapon)
Armour
 b - a +0 scale mail (worn)
 c - a +0 buckler (worn)
 i - a +0 pair of boots (worn)
Scrolls
 e - a scroll of fog {unknown}
 f - a scroll of identify {unknown}
 h - a scroll of amnesia {unknown}
Potions
 d - a potion of might
 g - a potion of ambrosia {unknown}


   Skills:
 + Level 3.0 Fighting
 + Level 1.8 Axes
 + Level 3.0 Armour
 + Level 2.9 Shields


You had one spell level left.
You didn't know any spells.
Your spell library was empty.

Dungeon Overview and Level Annotations

Branches:
Dungeon (1/15)

Altars:
Fedhas


Innate Abilities, Weirdness & Mutations

Your touch may inflict minor irresistible damage on your foes.


Message History

You hit the kobold.
You kill the kobold!
Fedhas appreciates your contribution to the ecosystem.
The goblin hits you but does no damage.
You closely miss the goblin. The goblin hits you with a +0 dagger.
* * * LOW HITPOINT WARNING * * *
You hit the goblin.
You kill the goblin!
Fedhas appreciates your contribution to the ecosystem.
Your Armour skill increases to level 3!
You have reached level 2!
Your demonic ancestry asserts itself...
Your hands begin to faintly glow with unholy energy.
You start resting.
HP restored.
Items here: ( )) †.
An endoplasm comes into view.
The endoplasm quivers.
The endoplasm barely misses you.
You hit the endoplasm.
The endoplasm is almost dead.
The endoplasm hits you but does no damage.
You hit the endoplasm.
You kill the endoplasm!
Fedhas accepts your kill.
Found a stone staircase leading down.
Found 13 gold pieces.
You now have 36 gold pieces (gained 13).
A goblin comes into view. It is wielding a +0 dagger.
The goblin shouts!
You hit the goblin but do no damage. The goblin hits you but does no damage.
You closely miss the goblin. The goblin hits you but does no damage.
You block the goblin's attack.
You barely miss the goblin. The goblin barely misses you.
You slash the goblin!
You kill the goblin!
Fedhas appreciates your contribution to the ecosystem.
Things that are here:
a +0 dagger; a goblin corpse Are you sure you want to abandon this character and quit the game? (Confirm with "yes".)

######## #.......
#.#####. ##### #####
#.# #.. #...#
#...###### #.# ##.
###...####.@....... #.#
##
#.......##)..######.#.#
#...........## #.#.#
#.......##### #.#.#
#####...####### #.#.#
#.>...........#
####.#.####
#.####.######.#
#.........# #.# #.#
#.##.#.##.### #.#
#.####.##.........


There were no monsters in sight!

Vanquished Creatures
  An endoplasm (D:1)
  2 hobgoblins (D:1)
  A quokka (D:1)
  A ball python (D:1)
  3 goblins (D:1)
  A kobold (D:1)
  A rat (D:1)
10 creatures vanquished.

Notes
Turn   | Place    | Note
-------+----------+-------------------------------------------
     0 | D:1      | Jortsu the Demonspawn Fighter began the quest for the Orb.
     0 | D:1      | Reached XP level 1. HP: 18/18 MP: 1/1
   104 | D:1      | Found a faded altar of an unknown god.
   112 | D:1      | Prayed at the altar of an unknown god.
   112 | D:1      | Became a worshipper of Fedhas Madash
   112 | D:1      | Reached * piety under Fedhas
   241 | D:1      | Gained mutation: Your touch may inflict minor irresistible
                  | damage on your foes. [demonic ancestry]
   241 | D:1      | Reached XP level 2. HP: 8/24 MP: 2/2
   482 | D:1      | Quit the game

Illustrated notes

Levels and vault maps discovered:
D:1:      dreamdust_arrival_sigmund_warning, layout_loops_ring,
          basic_ecumenical_altar, minmay_misc_feat_alley

Skill      XL: |  1 |
---------------+----+-----
Armour         | 3 |  3.0
Fighting       | |  3.0
Axes           | |  1.8
Shields        | |  2.9

Action                   || total
-------------------------++-------
Melee: War axe           ||    27
Armor: Scale mail        ||    20
Dodge: Dodged            ||    11
Block: Buckler           ||     4

Table legend: (Time is in decaauts)
 A = Elapsed time spent in this place.
 B = Non-inter-level travel time spent in this place.
 C = Inter-level travel time spent in this place.
 D = Time resting spent in this place.
 E = Time spent auto-exploring this place.
 F = Levels seen in this place.
 G = Mean time per level.
                   A        B        C        D        E       F      G
               +--------+--------+--------+--------+--------+-----+--------+
         Total |    494 |    494 |      0 |    200 |    173 |   1 |  494.0 |
       Dungeon |    494 |    494 |      0 |    200 |    173 |   1 |  494.0 |
               +--------+--------+--------+--------+--------+-----+--------+

Top non-repeatable levels by time:
     D:1: 494 daAuts
